 Dungeon Crawl Stone Soup version 0.27-a0-1105-g946c659c87 (webtiles) character file.

Game seed: 14079812420972350252

273 1player the Ducker (level 6, -4/30 HPs)
             Began as a Spriggan Enchanter on Apr 29, 2021.
             Killed from afar by Dowan (17 damage)
             ... with a shard of ice
             ... on level 3 of the Dungeon.
             The game lasted 00:09:21 (4226 turns).

1player the Ducker (Spriggan Enchanter)             Turns: 4226, Time: 00:09:22

Health: -4/30      AC:  2    Str:  4    XL:     6   Next: 3%
Magic:  4/11       EV: 20    Int: 17    God:
Gold:   18         SH:  0    Dex: 17    Spells: 7/10 levels left

rFire    . . .     SeeInvis +   h - +1 dagger (venom)
rCold    . . .     Faith    .   (shield restricted)
rNeg     . . .     Spirit   .   b - +0 robe
rPois    .         Reflect  .   (helmet restricted)
rElec    .         Harm     .   (no cloak)
rCorr    .         Rampage  .   (gloves unavailable)
Will     +....                  (boots unavailable)
Stlth    +++.......             (no amulet)
HPRegen  0.10/turn              (no ring)
MPRegen  0.12/turn              (no ring)

@: very quick
A: very small, no large weapons, unfitting armour, see invisible, speed 3
a: no special abilities


You were on level 3 of the Dungeon.
You visited 1 branch of the dungeon, and saw 4 of its levels.

You collected 78 gold pieces.
You spent 60 gold pieces at shops.

Inventory:

Hand Weapons
 a - a +1 dagger
 h - a +1 dagger of venom (weapon)
 j - a +0 hunting sling
Missiles
 g - 23 sling bullets
Armour
 b - a +0 robe (worn)
Scrolls
 c - a scroll of fog
 f - a scroll of magic mapping {unknown}
 l - a scroll of enchant weapon {unknown}
 m - 2 scrolls of identify {@r1}
 q - a scroll of summoning {unknown}
 s - a scroll of torment {unknown}
 t - a scroll of teleportation
Potions
 d - a potion of haste {unknown}
 e - a potion of mutation {unknown}
 i - a potion of resistance {unknown}
 k - a potion of attraction {unknown}
 n - a potion of flight
 o - a potion of brilliance {unknown}
 r - a potion of heal wounds {@q2}


   Skills:
 + Level 1.3 Fighting
 - Level 1.1 Short Blades
 + Level 5.9 Dodging
 - Level 5.5 Stealth
 - Level 2.6 Spellcasting
 + Level 5.5 Hexes


You had 7 spell levels left.
You knew the following spells:

 Your Spells              Type           Power      Damage    Failure   Level
q - Corona                Hex            23%        N/A       1%          1
z - Ensorcelled Hibernat  Hex/Ice        22%        N/A       9%          2

Your spell library contained the following spells:

 Spells                   Type           Power      Damage    Failure   Level
 Confusing Touch          Hex            21%        N/A       5%          3
 Tukima's Dance           Hex            21%        N/A       5%          3
 Dazzling Flash           Conj/Hex       22%        N/A       17%         3
 Shock                    Conj/Air       8%         1d3       19%         1
 Static Discharge         Conj/Air       2%         N/A       26%         2
 Swiftness                Air            2%         N/A       47%         3
 Airstrike                Air            1%         N/A       87%         4
 Lightning Bolt           Conj/Air       1%         1d12      99%         5


Dungeon Overview and Level Annotations

Branches:
Dungeon (4/15)
 Temple: D:4-7

Altars:
Cheibriados

Shops:
D:3 ?

Annotations:
D:3 Dowan


Innate Abilities, Weirdness & Mutations

You are very small and have problems with some larger weapons.
You are too small for most types of armour.
You have supernaturally acute eyesight. (SInv)
You cover ground extremely quickly. (Speed+++)


Message History

Aim: Duvessa, wielding a +0 short sword and wearing a +0 ring mail (almost dead, poisoned, chance to affect: 25%) Duvessa resists with almost no effort.
Casting: Ensorcelled Hibernation (safe; 10% risk of failure)
Confirm with . or Enter, or press ? or * to list all spells.
Aiming: Ensorcelled Hibernation (safe; 10% risk of failure)
Press: ? - help, Shift-Dir - straight line, f/p - Duvessa
Aim: Duvessa, wielding a +0 short sword and wearing a +0 ring mail (almost dead, poisoned, chance to affect: 25%) Duvessa resists with almost no effort.
Dowan mumbles some strange words.
Dowan blinks!
Duvessa looks more healthy.
Dowan casts a spell.
Dowan blinks!
You start resting.
Duvessa is nearby!
Casting: Ensorcelled Hibernation (safe; 10% risk of failure)
Confirm with . or Enter, or press ? or * to list all spells.
Okay, then.
Casting: Ensorcelled Hibernation (safe; 10% risk of failure)
Confirm with . or Enter, or press ? or * to list all spells.
Aiming: Ensorcelled Hibernation (safe; 10% risk of failure)
Press: ? - help, Shift-Dir - straight line, f/p - Duvessa
Aim: Duvessa, wielding a +0 short sword and wearing a +0 ring mail (almost dead, chance to affect: 25%) Duvessa looks drowsy...
Marking area around Duvessa as unsafe for travelling.
Unknown command.
The helpless Duvessa fails to defend herself.
You impale Duvessa!!
You kill Duvessa!
You hear a distant wail of despair.
Your Fighting skill increases to level 1!
You have reached level 6!
Your experience leads to an increase in your attributes!
Increase (S)trength, (I)ntelligence, or (D)exterity?
You feel agile.
Dowan seems to find hidden reserves of power!
Dowan points at you and mumbles some strange words.
The shard of ice hits you!
Ouch! That really hurt!
You die...

#......##.##.## ##.#...##.###.
#.....###.###.###.###.##.## ##
#.....###.###....####...## #
#.............#..........## ##
#....(###.###.#######.###.###.
#.........###.# #.# ##.#.#
#.............# #.# ##.##
####.########.# #.## #e# #.#
#@# #..# #.# #.# #.# ##.# #.#
#.# #.# #.# #.# #.# #)# #.#
#e# #.# #####.########.# #.#
#.####.....e..e.....####.#
#......###.............ยง.#
######## #################


You could see Dowan (fast).

Vanquished Creatures
  Duvessa (D:3)
  A hound (D:3)
  An iguana (D:3)
  Robin (D:4)
  2 adders
  An ufetubus (D:4)
  4 worms
  3 dart slugs
  7 ball pythons
  3 bats
  5 endoplasms
  5 goblins
  6 hobgoblins
  5 jackals
  8 kobolds
  5 quokkas
  4 rats
62 creatures vanquished.

Notes
Turn   | Place    | Note
-------+----------+-------------------------------------------
     0 | D:1      | 1player the Spriggan Enchanter began the quest for the Orb.
     0 | D:1      | Reached XP level 1. HP: 9/9 MP: 5/5
   677 | D:1      | Reached skill level 5 in Stealth
   677 | D:1      | Reached XP level 2. HP: 13/13 MP: 4/6
   889 | D:1      | Learned a level 2 spell: Ensorcelled Hibernation
  1166 | D:2      | Found a faded altar of an unknown god.
  1555 | D:2      | Reached XP level 3. HP: 16/16 MP: 6/8
  2392 | D:3      | Found Seugolext's Magic Scroll Boutique.
  2401 | D:3      | Reached XP level 4. HP: 21/21 MP: 9/9
  2690 | D:3      | Found a snail-covered altar of Cheibriados.
  3297 | D:3      | Bought a scroll of teleportation for 36 gold pieces
  3297 | D:3      | Bought a scroll of identify for 24 gold pieces
  3312 | D:4      | Noticed Duvessa
  3312 | D:4      | Noticed Dowan
  3312 | D:4      | Noticed Robin
  3600 | D:4      | Killed Robin
  3601 | D:4      | Reached skill level 5 in Dodging
  3839 | D:3      | Reached skill level 5 in Hexes
  3839 | D:3      | Reached XP level 5. HP: 14/24 MP: 7/10
  4224 | D:3      | Killed Duvessa
  4225 | D:3      | Reached skill level 1 in Fighting
  4225 | D:3      | Reached XP level 6. HP: 13/30 MP: 4/11
  4226 | D:3      | Killed from afar by Dowan

Illustrated notes

Levels and vault maps discovered:
D:1:      wheals_arrival_linesprint, layout_basic
D:2:      layout_basic, hellmonk_ecumenical_altar_lost_god,
          chequers_serial_rivers_micro_e
D:3:      layout_loops_ring, kennysheep_slug_shrine, serial_shops, shop_scrolls,
          minivault_11
D:4:      layout_gridville, minmay_temple_entry_mist,
          kennysheep_generic_room_16, uniq_duvessa, uniq_blork_the_orc,
          uniq_robin

Skill      XL: |  1  2  3  4  5 |
---------------+----------------+-----
Dodging        | 3 4 5 |  5.9
Stealth        | 5 |  5.5
Hexes          | 4 5 |  5.5
Fighting       | 1 |  1.3
Short Blades   | |  1.1
Spellcasting   | |  2.6

Action                   |  1- 3 |  4- 6 || total
-------------------------+-------+-------++-------
Melee: Dagger            |    85 |    64 ||   149
 Cast: Corona            |    14 |     1 ||    15
       Ensorcelled Hiber |    15 |    27 ||    42
  Use: Potion            |     1 |       ||     1
       Scroll            |       |     3 ||     3
 Stab: Sleeping          |    22 |    15 ||    37
Armor: Robe              |    12 |     5 ||    17
Dodge: Dodged            |    61 |    60 ||   121

Table legend: (Time is in decaauts)
 A = Elapsed time spent in this place.
 B = Non-inter-level travel time spent in this place.
 C = Inter-level travel time spent in this place.
 D = Time resting spent in this place.
 E = Time spent auto-exploring this place.
 F = Levels seen in this place.
 G = Mean time per level.
                   A        B        C        D        E       F      G
               +--------+--------+--------+--------+--------+-----+--------+
         Total |   3283 |   3118 |    165 |   1423 |    988 |   4 |  820.8 |
       Dungeon |   3283 |   3118 |    165 |   1423 |    988 |   4 |  820.8 |
               +--------+--------+--------+--------+--------+-----+--------+

Top non-repeatable levels by time:
     D:3: 1126 daAuts
     D:2: 1031 daAuts
     D:1: 816 daAuts
     D:4: 309 daAuts
